 Dungeon Crawl Stone Soup version 0.19.5 (webtiles) character file.

1206 miragecloak the Gouger (level 8, -14/38 HPs)
             Began as a Felid Transmuter on May 5, 2017.
             Was a Follower of Elyvilon.
             Demolished by a wight
             ... wielding a +4 war axe of freezing
              (17 damage)
             ... on level 8 of the Dungeon.
             The game lasted 00:16:11 (11519 turns).

miragecloak the Gouger (Felid Transmuter)          Turns: 11519, Time: 00:16:12

Health: -14/38     AC:  2    Str:  6    XL:     8   Next: 21%
Magic:  11/12      EV: 21    Int: 14    God:    Elyvilon [*.....]
Gold:   378        SH:  0    Dex: 24    Spells: 2 memorised, 7 levels left
                                        Lives:  0   Deaths: 2

rFire  . . .     SeeInvis +       - Unarmed
rCold  . . .     Gourm    .     (armour unavailable)
rNeg   . . .     Faith    .     (shield unavailable)
rPois  x         Spirit   .     (helmet unavailable)
rElec  .         Reflect  .     (cloak unavailable)
rCorr  .         Harm     .     (gloves unavailable)
MR     +....                    (boots unavailable)
Stlth  ++........               (no amulet)
                                (no ring)
                                (no ring)

@: spider-form (expiring)
A: no armour, no weapons or thrown items, stealth, (claws 0), (fangs 0), see
invisible, carnivore 3, (speed 0), (shaggy fur 0), slow metabolism 1, (sharp
paws)
a: End Transformation, Lesser Healing, Divine Protection, Renounce Religion


You were on level 8 of the Dungeon.
You worshipped Elyvilon.
Elyvilon was aware of your devotion.
You were not hungry.
You were a venomous arachnid creature.
You visited 2 branches of the dungeon, and saw 9 of its levels.

You collected 378 gold pieces.

Inventory:

Missiles
 a - 125 arrows
Wands
 o - a wand of disintegration (22/24)
 r - a wand of random effects (44/48)
 x - a wand of iceblast (6/15)
 z - a wand of slowing (24/48)
Scrolls
 d - 4 scrolls of fear
 g - a scroll of blinking
 h - 8 scrolls of identify
 i - a scroll of recharging
 j - 4 scrolls of teleportation
 k - a scroll of fog {unknown}
 l - a scroll of magic mapping {unknown}
 m - a scroll of enchant armour {unknown}
 y - a scroll of amnesia {unknown}
Potions
 e - a potion of degeneration {unknown}
 n - 2 potions of agility {unknown}
 p - a potion of beneficial mutation {unknown}
 q - 2 potions of flight {unknown}
 s - 5 potions of curing {unknown}
 u - a potion of invisibility {unknown}
 v - 2 potions of lignification {unknown}
 w - a potion of ambrosia {unknown}
Books
 b - a book of Changes

   Spells                             Type                      Level
   a - Beastly Appendage              Transmutation                1
   b - Sticks to Snakes               Transmutation                2
   c - Spider Form                    Transmutation/Poison         3
   d - Ice Form                       Ice/Transmutation            4
   e - Blade Hands                    Transmutation                5
 f - a book of Misfortune

   Spells                             Type                      Level
   a - Confusing Touch                Hexes                        1
   b - Confuse                        Hexes                        3
   c - Gell's Gravitas                Hexes/Translocation          3
   d - Petrify                        Transmutation/Earth          4
   e - Metabolic Englaciation         Hexes/Ice                    5
   f - Yara's Violent Unravelling     Hexes/Transmutation          5
Comestibles
 c - a meat ration
 t - 2 beef jerkies


   Skills:
 - Level 6.0 Fighting
 - Level 2.6 Dodging
 - Level 1.5 Stealth
 + Level 10.0 Unarmed Combat
 - Level 2.0 Spellcasting
 - Level 4.0 Transmutations
 - Level 3.0 Poison Magic
 + Level 1.8 Invocations


You had 7 spell levels left.
You knew the following spells:

 Your Spells              Type           Power        Failure   Level  Hunger
a - Beastly Appendage     Tmut           ##....       14%         1    ##.....
b - Spider Form           Tmut/Pois      ##........   36%         3    ####...


Dungeon Overview and Level Annotations

Branches:
Dungeon (8/15)             Temple (1/1) D:6
   Lair: D:8-11

Altars:
Ashenzari
Cheibriados
Dithmenos
Elyvilon
Fedhas
Gozag
Hepliaklqana
Kikubaaqudgha
Makhleb
Nemelex Xobeh
Okawaru
Qazlal
Ru
Sif Muna
Trog
Uskayaw
Vehumet
Xom
Yredelemnul
Zin
The Shining One


Innate Abilities, Weirdness & Mutations

You cannot wear armour.
You are incapable of wielding weapons or throwing items.
Your paws allow you to move quietly. (Stealth)
((You have sharp claws.))
((You have razor-sharp teeth.))
You have supernaturally acute eyesight. (SInv)
You are carnivorous and can eat meat at any time.
((You cover ground quickly.))
((You are covered in thick fur. (AC +2)))
You have a slow metabolism.
((Your sharp claws are effective at attacking unaware monsters.))


Message History

The crimson imp misses you.
You completely miss the wight.
The wight is severely damaged.
Your transformation is almost over.
The wight misses you.
The crimson imp hits you but does no damage.
You barely miss the wight.
The wight is severely damaged.
The crimson imp blinks!
The wight hits you with a +4 war axe of freezing!
* * * LOW HITPOINT WARNING * * *
The wight freezes you.
* * * LOW HITPOINT WARNING * * *
You hit the wight.
The wight is severely damaged.
You hit the wight.
The wight is almost destroyed.
The crimson imp barely misses you.
The wight hits you with a +4 war axe of freezing!
You die...

#.#.####.. ..
.........# #.
..#.####.# #.
#.# .. #.# #.
#.# #> #.#
#z#### #.#
#.s5h# #..
#####.### ###
#.h.....#
#.###.#.#
#.###.#.#
#5##..#.#
#h##.##.# #
#)##.##.#######
#
#.............#
#


You could see a black bear, a wight and a crimson imp.

Vanquished Creatures
  A spriggan (D:8)
  A hungry ghost (D:8)
  A sky beast (D:8)
  An orc warrior (D:6)
  2 ice beasts (D:7)
  A phantom (D:5)
  A centaur (D:5)
  4 ogres
  3 bullfrogs (D:6)
  3 scorpions
  A vampire bat (D:4)
  A wight (D:8)
  4 crimson imps
  A bullfrog zombie (D:8)
  3 hounds
  A gnoll shaman (D:6)
  A centaur skeleton (D:3)
  A bullfrog skeleton (D:5)
  2 orc priests
  An orc wizard (D:4)
  2 worker ants
  2 killer bee zombies (D:8)
  A hound skeleton (D:3)
  Robin (D:3)
  5 gnolls
  8 adders
  2 shadow imps
  An ooze (D:3)
  4 worms
  3 dart slugs (D:2)
  12 leopard geckos
  8 orcs
  2 ball pythons
  2 giant cockroaches
  17 goblins
  10 hobgoblins
  5 jackals
  3 quokkas
  17 bats
  8 frilled lizards
  12 kobolds
  9 rats
168 creatures vanquished.

Notes
Turn   | Place    | Note
-------+----------+-------------------------------------------
     0 | D:1      | miragecloak the Felid Transmuter began the quest for the Orb.
     0 | D:1      | Reached XP level 1. HP: 9/9 MP: 4/4
   197 | D:1      | Reached XP level 2. HP: 12/12 MP: 6/6
   445 | D:1      | Reached skill level 1 in Stealth
   924 | D:2      | Reached XP level 3. HP: 15/15 MP: 5/7
   929 | D:2      | Learned a level 3 spell: Spider Form
  1405 | D:2      | Found a shattered altar of Ashenzari.
  1826 | D:2      | Reached skill level 1 in Poison Magic
  1903 | D:2      | Reached XP level 4. HP: 15/19 MP: 3/8
  3263 | D:3      | Found a sparkling altar of Nemelex Xobeh.
  3265 | D:3      | Noticed Robin
  3303 | D:3      | Reached XP level 5. HP: 15/22 MP: 4/9
  3717 | D:3      | Found a snail-covered altar of Cheibriados.
  3868 | D:3      | Killed Robin
  5156 | D:4      | Reached skill level 4 in Unarmed Combat
  5464 | D:4      | Gained mutation: You are covered in thick fur. (AC +2) [Felid growth]
  5464 | D:4      | Reached XP level 6. HP: 27/27 MP: 6/10
  6601 | D:5      | Entered Level 5 of the Dungeon
  6609 | D:5      | Reached skill level 5 in Unarmed Combat
  7162 | D:5      | Reached XP level 7. HP: 8/31 MP: 9/11
  7506 | D:5      | Reached skill level 6 in Unarmed Combat
  7935 | D:5      | HP: 1/31 [centaur (5)]
  7936 | D:5      | Slain by a centaur
  7937 | D:5      | Reached XP level 6. HP: -5/28 MP: 9/10
  8343 | D:5      | Reached skill level 7 in Unarmed Combat
  8343 | D:5      | Reached XP level 7. HP: 30/31 MP: 8/11
  9130 | D:6      | Found a staircase to the Ecumenical Temple.
  9135 | Temple   | Entered the Ecumenical Temple
  9173 | Temple   | Became a worshipper of Elyvilon the Healer
  9291 | D:7      | Reached skill level 8 in Unarmed Combat
 10192 | D:6      | Reached XP level 8. HP: 32/34 MP: 9/12
 10505 | D:6      | Reached skill level 9 in Unarmed Combat
 10651 | D:7      | Reached * piety under Elyvilon
 10673 | D:7      | Reached skill level 5 in Fighting
 11340 | D:8      | Slain by a wight
 11341 | D:8      | Reached XP level 7. HP: -4/34 MP: 9/11
 11416 | D:8      | Reached XP level 8. HP: 38/38 MP: 9/12
 11502 | D:8      | Reached skill level 10 in Unarmed Combat
 11502 | D:8      | Reached skill level 1 in Invocations
 11519 | D:8      | Demolished by a wight

Skill      XL: |  1  2  3  4  5  6  7  8 |
---------------+-------------------------+-----
Transmutations | 3 4 |  4.0
Stealth        | 1 |  1.5
Poison Magic   | 1 2 3 |  3.0
Fighting       | 2 3 6 |  6.0
Unarmed Combat | 4 7 8 10 | 10.0
Invocations    | 1 |  1.8
Dodging        | |  2.6
Spellcasting   | |  2.0

Action                   |  1- 3 |  4- 6 |  7- 9 || total
-------------------------+-------+-------+-------++-------
Melee: Unarmed           |   106 |   268 |   195 ||   569
       Headbutt          |     7 |     1 |       ||     8
       Bite              |     3 |     8 |     2 ||    13
       Punch             |     1 |       |       ||     1
 Cast: Beastly Appendage |    21 |     1 |       ||    22
       Spider Form       |     5 |    52 |    31 ||    88
  Use: Scroll            |       |     8 |       ||     8
       Potion            |       |     1 |     2 ||     3
 Stab: Sleeping          |     3 |     5 |     1 ||     9
       Distracted        |       |     1 |       ||     1
  Eat: Chunk             |     8 |    20 |    19 ||    47
Armor: Skin              |     4 |    24 |     7 ||    35
Dodge: Dodged            |    86 |   263 |   176 ||   525
